AoeStats
← Booming I Promise

Lombardia

509025461Analyzed
2v2 RM · 7d ago on Sep 25, 2026· 55m 20s· 4 players
Game mode
Random Map
Map size
Medium (4 player)
Population
200
Speed
Normal
Resources
Standard
Victory
Conquest
Starting age
Dark Age
Ending age
Imperial Age
RankedLock teamsTeams togetherTeam positionsShared explorationLock speedFull tech treeHidden civsTurbo modeCheats
Victory
Defeat
🇺🇸 Franks · United States
1071
+13
🇺🇸 Magyars · United States
1071
+13
🇲🇽 Magyars · Mexico
1018
-13
🇲🇽 Teutons · Mexico
994
-13
HABS
8:24 Loom
12:02 Feudal Age
16:36 Horse Collar
17:55 Horse Collar
18:11 Gold Mining
21:16 Castle Age
20:14 Double-Bit Axe
21:02 Stone Mining
22:44 Pikeman
23:27 Squires
27:45 Gambesons
29:43 Bloodlines
30:13 Fortified Wall
36:41 Imperial Age
36:42 Elite Teutonic Knight
37:44 Conscription
38:14 Halberdier
40:22 Scale Barding Armor
43:19 Ballistics
42:30 Elite Skirmisher
48:23 Padded Archer Armor
48:13 Fletching
Lordsville
6:46 Loom
9:24 Feudal Age
13:46 Castle Age
12:33 Double-Bit Axe
14:50 Stone Mining
15:17 Bow Saw
19:13 Horse Collar
25:05 Scale Barding Armor
28:35 Wheelbarrow
30:38 Pikeman
31:09 Town Watch
33:43 Heavy Plow
39:02 Hand Cart
39:18 Bloodlines
39:17 Scale Mail Armor
39:38 Chain Barding Armor
39:41 Town Watch
46:33 Imperial Age
45:22 Elite Skirmisher
46:10 Thumb Ring
47:37 Padded Archer Armor
47:27 Fletching
48:39 Bodkin Arrow
51:27 Murder Holes
51:52 Ballistics
51:40 Padded Archer Armor
Harvtown
7:57 Loom
10:09 Feudal Age
10:35 Double-Bit Axe
17:12 Castle Age
15:16 Gold Mining
16:46 Scale Barding Armor
18:12 Bow Saw
21:03 Forging
22:30 Chain Barding Armor
23:21 Iron Casting
25:30 Husbandry
28:33 Wheelbarrow
32:19 Imperial Age
31:20 Fletching
32:39 Hand Cart
32:10 Town Watch
33:23 Gold Shaft Mining
32:40 Stone Mining
33:42 Plate Barding Armor
33:10 Cavalier
35:07 Blast Furnace
36:12 Town Patrol
36:36 Ballistics
37:16 Chemistry
36:27 Masonry
38:16 Paladin
39:47 Hoardings
50:05 Spies/Treason
55:03 Conscription
Booming I Promise
5:05 Loom
12:22 Feudal Age
13:05 Double-Bit Axe
20:48 Castle Age
18:44 Horse Collar
19:17 Padded Archer Armor
19:28 Gold Mining
22:22 Bow Saw
22:14 Heavy Plow
23:52 Wheelbarrow
23:35 Crossbowman
24:09 Fletching
26:47 Hand Cart
28:36 Thumb Ring
28:32 Bodkin Arrow
37:44 Imperial Age
35:40 Ballistics
36:39 Leather Archer Armor
38:33 Bracer
39:04 Ring Archer Armor
38:26 Arbalester
Connection lost

Rejoining the realm…

Still unreachable

The connection could not be restored.

Session expired

The server has moved on; the page needs a fresh start.